 Dungeon Crawl Stone Soup version 0.20.1-1-g8b1a95d (webtiles) character file.

58 Saithnar the Caller (level 3, -5/19 HPs)
             Began as a Deep Elf Summoner on Aug 18, 2017.
             Killed from afar by Ijyb (9 damage)
             ... with a wand of flame (?/48)
             ... on level 3 of the Dungeon.
             The game lasted 00:15:48 (3508 turns).

Saithnar the Caller (Deep Elf Summoner)             Turns: 3508, Time: 00:15:49

Health: -5/19      AC:  3    Str:  5    XL:     3   Next: 75%
Magic:  12/20      EV: 13    Int: 20    God:
Gold:   78         SH:  0    Dex: 15    Spells: 7/11 levels left

rFire    . . .     SeeInvis .   (no weapon)
rCold    . . .     Gourm    .   (no shield)
rNeg     . . .     Faith    .   a - +1 robe
rPois    .         Spirit   .   (no helmet)
rElec    .         Reflect  .   (no cloak)
rCorr    .         Harm     .   (no gloves)
MR       .....                  (no boots)
Stlth    ++........             (no amulet)
Regen    0.1/turn               f - ring of magical power
MPRegen  0.2/turn               (no ring)

@: no status effects
A: evolution 1, subdued magic 1
a: no special abilities


You were on level 3 of the Dungeon.
You were hungry.

You visited 1 branch of the dungeon, and saw 3 of its levels.

You collected 78 gold pieces.

Inventory:

Hand Weapons
 g - a +0 spear
 m - a +1 quarterstaff
Armour
 a - a +1 robe (worn)
 i - a +0 robe
Jewellery
 f - a ring of magical power (left hand)
Wands
 j - a wand of acid (5/15)
Scrolls
 e - a scroll of blinking {unknown}
 l - a scroll of identify
 n - a scroll of remove curse
 o - 3 scrolls of magic mapping
Books
 b - a book of Callings

   Spells                             Type                      Level
   a - Summon Small Mammal            Summoning                    1
   b - Call Imp                       Summoning                    2
   c - Call Canine Familiar           Summoning                    3
   d - Summon Guardian Golem          Hexes/Summoning              3
   e - Summon Lightning Spire         Summoning/Air                4
   f - Summon Ice Beast               Ice/Summoning                4
Comestibles
 c - 2 fruits
 h - a meat ration
 k - 2 bread rations


   Skills:
 + Level 0.1 Fighting
 + Level 2.5 Dodging
 + Level 2.5 Stealth
 + Level 4.6 Spellcasting
 + Level 5.0 Summonings


You had 7 spell levels left.
You knew the following spells:

 Your Spells              Type           Power        Failure   Level  Hunger
a - Summon Small Mammal   Summ           ###.         1%          1    None
b - Summon Guardian Gole  Hex/Summ       ##......     11%         3    ##.....


Dungeon Overview and Level Annotations

Branches:
Dungeon (3/15)

Altars:

Annotations:
D:3 Ijyb


Innate Abilities, Weirdness & Mutations

You evolve.
Your spells are a little easier to cast, but a little less powerful.


Message History

The adder hisses angrily.
Casting: Summon Small Mammal
Confirm with . or Enter, or press ? or * to list all spells.
Your quokka barely misses Ijyb.
A worm comes into view.
Your bat misses something.
Ijyb screams, "Get away!"
Ijyb closely misses you.
Your quokka closely misses Ijyb.
What are your orders? t - Shout!
Orders for allies: a - Attack new target. r - Retreat! s - Stop attacking. g - Guard the area. f - Follow me.
Anything else - Cancel.
Gang up on whom?
Press: ? - help, Dir - move target cursor, f - Ijyb
Aim: Ijyb, wielding a club, wearing a leather armour and carrying a wand of flame (?/48) {zapped: 1} Attack!
Your bat barely misses Ijyb.
Your quokka barely misses Ijyb.
Ijyb zaps a wand.
The puff of flame hits you!
You die...

####### ..... #.....# ..w$.
#.....# #%.... #.....##### .....
#.....'{..#
.....#######..>..###Y#
#S............# #.# ##
#..gb..8......# #.# #####≈###
#..@r....###### #.#
≈≈≈≈≈≈≈≈######........# #.#
##≈≈≈≈≈≈≈≈............# #8#
...≈≈≈≈≈##............# #Y##
#.##.................# #.#.
#..............####### #.#.
#..............# ### #.#.
#..............###.##########.#.
#(##......#'###.....(.....8.Y...


You could see Ijyb, a worm, an adder, a friendly guardian golem, a friendly
quokka and a friendly bat.

Vanquished Creatures
  2 bats (D:1)
2 creatures vanquished.

Vanquished Creatures (collateral kills)
  Robin (D:2)
  2 adders
  4 worms (D:2)
  A dart slug (D:2)
  3 leopard geckos (D:2)
  12 goblins
  16 hobgoblins
  3 jackals (D:2)
  A kobold (D:1)
  A quokka (D:2)
  2 bats
  6 rats
52 creatures vanquished.

Grand Total: 54 creatures vanquished

Notes
Turn   | Place    | Note
-------+----------+-------------------------------------------
     0 | D:1      | Saithnar the Deep Elf Summoner began the quest for the Orb.
     0 | D:1      | Reached XP level 1. HP: 10/10 MP: 6/6
  1056 | D:2      | Reached XP level 2. HP: 5/15 MP: 2/8
  1542 | D:2      | Noticed Robin
  1577 | D:2      | Killed Robin
  1787 | D:2      | Reached XP level 3. HP: 16/19 MP: 7/10
  1792 | D:2      | Learned a level 3 spell: Summon Guardian Golem
  1993 | D:2      | Found a faded altar of an unknown god.
  3033 | D:3      | Reached skill level 5 in Summonings
  3352 | D:3      | Noticed a sky beast
  3428 | D:3      | Gained mutation: Your spells are a little easier to cast, but a little less powerful. [potion of mutation]
  3428 | D:3      | Gained mutation: You evolve. [potion of mutation]
  3501 | D:3      | Noticed Ijyb
  3508 | D:3      | Killed from afar by Ijyb

Skill      XL: |  1  2  3 |
---------------+----------+-----
Spellcasting   | 4 |  4.6
Summonings     | 5 |  5.0
Fighting       | |  0.1
Dodging        | |  2.5
Stealth        | |  2.5

Action                   || total
-------------------------++-------
Melee: Unarmed           ||    13
 Cast: Summon Small Mamm ||   154
       Summon Guardian G ||     7
  Use: Scroll            ||     7
       Potion            ||     2
  Eat: Bread ration      ||     1
       Chunk             ||     2
       Fruit             ||     1
Armor: Robe              ||    18
Dodge: Dodged            ||    70
